 Dungeon Sprint DCSS version 0.31.0-9-g3a7656b989 (webtiles) character file.

Game seed: 13147211285502301679

5600000 Ashen the Intangible (level 27, -4/228 HPs)
             Began as a Djinni Warper on Jan 24, 2024.
             Was the Champion of Makhleb.
             Slain by a destroyer
             ... wielding a +9 heavy great sword
              (232 damage)
             ... in the Dungeon (Sprint VIII: "Arena of Blood").
             The game lasted 00:06:01 (56 turns).

Ashen the Intangible (Djinni Warper)                  Turns: 56, Time: 00:06:02

Health: -4/228     AC:  6    Str: 10    XL:     27
Gold:   0          EV: 36    Int: 17    God:    Makhleb [******] SH:  0 Dex: 25

rFire   + + .        i - +∞ Axe of Woe
rCold   x . .        (shield currently unavailable)
rNeg    . . .        b - +0 leather armour
rPois   ∞            (no helmet)
rElec   .            (no cloak)
rCorr   .            (no gloves)
SInv    .            (boots unavailable)
Will    ++...        (no amulet)
Stlth   ++++++++++   (no ring)
HPRegen 0.58/turn    (no ring)
MPRegen 0.00/turn

%: no teleportation, infuse magic (-5 HP)
@: flying
A: sickness immunity, fire resistance 2, cold vulnerability 1, float, innate
caster, HP casting, extra vitality 1
a: Renounce Religion, Minor Destruction, Lesser Servant of Makhleb, Major
Destruction, Greater Servant of Makhleb


You were in the Dungeon.
You worshipped Makhleb.
Makhleb was exalted by your worship.
You visited 1 branch

Inventory:

Hand Weapons
 a - a +0 hand axe
 i - the +∞ Axe of Woe (weapon)
   (You found it in the Dungeon)
Missiles
 d - 7 darts of dispersal (quivered)
Armour
 b - a +0 leather armour (worn)
Scrolls
 c - 2 scrolls of blinking
Potions
 e - a potion of curing
 f - a potion of heal wounds
 g - a potion of haste
 h - a potion of berserk rage


   Skills:
 O Level 27 Fighting
 + Level 25.9(27) Short Blades
 + Level 25.9(27) Long Blades
 O Level 27 Axes
 O Level 27 Maces & Flails
 O Level 27 Polearms
 O Level 27 Staves
 + Level 24.0 Ranged Weapons
 O Level 27 Throwing
 O Level 27 Armour
 O Level 27 Dodging
 O Level 27 Stealth
 O Level 27 Shields
 O Level 27 Unarmed Combat
 O Level 27 Spellcasting
 O Level 27 Conjurations
 O Level 27 Hexes
 O Level 27 Summonings
 O Level 27 Necromancy
 O Level 27 Translocations
 O Level 27 Fire Magic
 O Level 27 Ice Magic
 O Level 27 Air Magic
 O Level 27 Earth Magic
 O Level 27 Alchemy
 O Level 27 Invocations
 O Level 27 Evocations
 + Level 24.0 Shapeshifting


You knew the following spells:

 Your Spells              Type           Power      Damage    Failure   Level
a - Blink                 Tloc           100%       N/A       0%          2
b - Lesser Beckoning      Tloc           100%       N/A       0%          2
c - Teleport Other        Tloc           86%        N/A       0%          3
d - Manifold Assault      Tloc           86%        N/A       0%          4
e - Vhi's Electric Charg  Tloc/Air       100%       N/A       0%          4
f - Slow                  Hex            100%       N/A       0%          1
g - Mercury Vapours       Alch/Air       100%       N/A       0%          2
h - Call Canine Familiar  Summ           86%        N/A       0%          3
i - Summon Lightning Spi  Summ/Air       86%        N/A       0%          4
j - Summon Blazeheart Go  Fire/Summ      86%        N/A       0%          4
k - Alistair's Intoxicat  Alch           57%        N/A       0%          5
l - Sculpt Simulacrum     Ice/Alch       43%        N/A       0%          6
m - Summon Hydra          Summ           43%        N/A       1%          7
n - Starburst             Conj/Fire      43%        6d12      0%          6
o - Infestation           Necr           43%        N/A       1%          8
p - Discord               Hex            43%        N/A       1%          8
q - Borgnjor's Revivific  Necr           43%        N/A       1%          8
r - Death's Door          Necr           43%        N/A       2%          9
Your spell library was empty.

Dungeon Overview and Level Annotations

Branches:
Dungeon (1/1)

Altars:
Makhleb


Innate Abilities, Weirdness & Mutations

You are immune to sickness and miasma.
You are immune to poison.
Your flesh is very heat resistant. (rF++)
You are vulnerable to cold. (rC-)
You float through the air rather than walking.
You learn spells naturally, not from books.
Your magical power is your life essence.
You have superior vitality. (+4 MHP)


Message History

You chop the meat berserker into pieces.
You kill the meat berserker!
Makhleb accepts your kill.
The bag of meat is engulfed in blazing flames.
The tyrant casts a spell.
The tyrant seems to speed up.
A bag of meat comes into view. It is wielding a +9 war axe.
The destroyer gestures at you while chanting.
The destroyer blinks!
A bag of meat comes into view. It is wielding a +9 war axe.
A meat berserker comes into view. It is wielding a +9 battleaxe.
Your base Short Blades skill increases to level 25!
Your base Long Blades skill increases to level 25!
Your Ranged Weapons skill increases to level 23!
You have mastered Shields!
You have mastered Evocations!
Your Shapeshifting skill increases to level 23!
Casting: Vhi's Electric Charge (safe; 0% risk of failure)
Confirm with . or Enter, or press ? or * to list all spells.
Charge where?
Press: ? - help, Dir - move target, f - bag of meat
Aim: a bag of meat, wielding a +9 war axe and wearing a +30 ring of slaying (lightly wounded, 100% to hit)
You charge forward with an electric crackle!
You slash the bag of meat and electrocute it!
You slaughter the bag of meat joyfully.
You kill the bag of meat!
Makhleb accepts your kill.
You feel better.
You hit the bag of meat but do no damage.
You slaughter the bag of meat joyfully.
You kill the bag of meat!
Makhleb accepts your kill.
The tyrant appears out of thin air!
A tyrant comes into view.
Your Ranged Weapons skill increases to level 24!
Your Shapeshifting skill increases to level 24!
A meat berserker comes into view. It is wielding a +9 battleaxe.
The destroyer attacks as it pursues you!
The destroyer hits you with a +9 heavy great sword!!!!!
Ouch! That really hurt!
You die...

#################
####.......@.......# #
##..........)V.........#
.........##.##§#####....
......))..).o§o§o)......
####).°))##.##oo.....L
#....°))))o...).......o
..#...°.°))§o#V#..o....#
#....O)))§......L.o###
..#..............Vz...


You could see a tyrant (wandering), a destroyer, a meat berserker (wandering,
berserk) and 5 bags of meat.

Vanquished Creatures
  A royal mummy (D)
  Harold (D)
  9 vampire knights (D)
  19 ogres (D)
  7 two-headed ogres (D)
  2 liches (D)
  2 hydras (D)
  70 orcs (D)
  A skeletal warrior (D)
112 creatures vanquished.

Notes
Turn   | Place    | Note
-------+----------+-------------------------------------------
     0 | D        | Found the +∞ Axe of Woe
     0 | D        | Ashen the Djinni Warper began the quest for the Orb.
     0 | D        | Ashen set off with the following spells memorised: Blink,
                  | Lesser Beckoning, Teleport Other, Manifold Assault, Vhi's
                  | Electric Charge.
     0 | D        | Reached XP level 1. HP: 18/18 MP: 0/0
     1 | D        | Noticed a bag of meat
     1 | D        | Noticed a bag of meat
     3 | D        | Became a worshipper of Makhleb the Destroyer
     3 | D        | Noticed a bag of meat
     3 | D        | Noticed a bag of meat
     4 | D        | Noticed a meat berserker
     6 | D        | Noticed a bag of meat
     7 | D        | Noticed a meat berserker
     8 | D        | Killed a meat berserker
     8 | D        | Noticed a meat berserker
     8 | D        | Noticed a bag of meat
     8 | D        | Noticed a meat berserker
     9 | D        | Reached skill level 10 in Throwing
     9 | D        | Reached XP level 2. HP: 40/40 MP: 0/0
     9 | D        | Reached XP level 3. HP: 45/45 MP: 0/0
     9 | D        | Learned a level 1 spell: Slow
     9 | D        | Reached XP level 4. HP: 51/51 MP: 0/0
     9 | D        | Reached XP level 5. HP: 57/57 MP: 0/0
     9 | D        | Learned a level 2 spell: Mercury Vapours
     9 | D        | Reached XP level 6. HP: 63/63 MP: 0/0
     9 | D        | Reached XP level 7. HP: 68/68 MP: 0/0
     9 | D        | Learned a level 3 spell: Call Canine Familiar
     9 | D        | Reached XP level 8. HP: 75/75 MP: 0/0
     9 | D        | Reached XP level 9. HP: 80/80 MP: 0/0
     9 | D        | Learned a level 4 spell: Summon Lightning Spire
     9 | D        | Reached XP level 10. HP: 86/86 MP: 0/0
     9 | D        | Reached XP level 11. HP: 92/92 MP: 0/0
     9 | D        | Learned a level 4 spell: Summon Blazeheart Golem
     9 | D        | Reached XP level 12. HP: 98/98 MP: 0/0
     9 | D        | Killed a bag of meat
     9 | D        | Reached * piety under Makhleb
     9 | D        | Noticed a bag of meat
    10 | D        | Reached skill level 15 in Dodging
    10 | D        | Reached XP level 13. HP: 105/105 MP: 0/0
    10 | D        | Learned a level 5 spell: Alistair's Intoxication
    10 | D        | Killed a bag of meat
    10 | D        | Killed a bag of meat
    10 | D        | Noticed a bag of meat
    10 | D        | Noticed a meat berserker
    10 | D        | Noticed a bag of meat
    11 | D        | Reached skill level 15 in Fighting
    11 | D        | Reached skill level 15 in Armour
    11 | D        | Reached XP level 14. HP: 115/115 MP: 0/0
    11 | D        | Killed a meat berserker
    11 | D        | Reached ** piety under Makhleb
    11 | D        | Killed a bag of meat
    11 | D        | Killed a meat berserker
    11 | D        | Noticed a meat berserker
    11 | D        | Noticed a bag of meat
    11 | D        | Noticed a bag of meat
    12 | D        | Reached skill level 15 in Axes
    12 | D        | Reached skill level 15 in Throwing
    12 | D        | Reached XP level 15. HP: 127/127 MP: 0/0
    12 | D        | Learned a level 6 spell: Sculpt Simulacrum
    12 | D        | Killed a meat berserker
    12 | D        | Reached *** piety under Makhleb
    12 | D        | Noticed a meat berserker
    13 | D        | Reached XP level 16. HP: 94/135 MP: 0/0
    13 | D        | Killed a meat berserker
    14 | D        | Reached skill level 15 in Spellcasting
    14 | D        | Reached skill level 15 in Conjurations
    14 | D        | Reached skill level 15 in Hexes
    14 | D        | Reached skill level 15 in Summonings
    14 | D        | Reached skill level 15 in Necromancy
    14 | D        | Reached skill level 15 in Translocations
    14 | D        | Reached skill level 15 in Fire Magic
    14 | D        | Reached skill level 15 in Ice Magic
    14 | D        | Reached skill level 15 in Air Magic
    14 | D        | Reached skill level 15 in Earth Magic
    14 | D        | Reached skill level 15 in Alchemy
    14 | D        | Reached **** piety under Makhleb
    15 | D        | Reached XP level 17. HP: 145/145 MP: 0/0
    15 | D        | Learned a level 7 spell: Summon Hydra
    16 | D        | Killed a meat berserker
    16 | D        | Reached ***** piety under Makhleb
    16 | D        | Noticed a meat berserker
    16 | D        | Noticed a large bag of meat
    17 | D        | Killed a meat berserker
    17 | D        | Killed a meat berserker
    17 | D        | Noticed a meat berserker
    18 | D        | Reached XP level 18. HP: 161/161 MP: 0/0
    18 | D        | Reached ****** piety under Makhleb
    19 | D        | Reached skill level 27 in Dodging
    19 | D        | Reached XP level 19. HP: 169/169 MP: 0/0
    19 | D        | Learned a level 6 spell: Starburst
    19 | D        | Noticed a large bag of meat
    19 | D        | Noticed a large bag of meat
    19 | D        | Noticed a large bag of meat
    19 | D        | Noticed a meat berserker
    22 | D        | Reached skill level 27 in Fighting
    22 | D        | Reached skill level 27 in Armour
    22 | D        | Reached XP level 20. HP: 181/181 MP: 0/0
    22 | D        | Noticed a large bag of meat
    22 | D        | Killed a large bag of meat
    22 | D        | Noticed a large bag of meat
    22 | D        | Noticed a meat berserker
    23 | D        | Noticed a large bag of meat
    23 | D        | Noticed a meat berserker
    23 | D        | Killed a large bag of meat
    24 | D        | Reached skill level 27 in Axes
    24 | D        | Reached skill level 27 in Throwing
    24 | D        | Reached XP level 21. HP: 175/187 MP: 0/0
    24 | D        | Learned a level 8 spell: Infestation
    25 | D        | Reached skill level 27 in Spellcasting
    25 | D        | Reached skill level 27 in Conjurations
    25 | D        | Reached skill level 27 in Hexes
    25 | D        | Reached skill level 27 in Summonings
    25 | D        | Reached skill level 27 in Necromancy
    25 | D        | Reached skill level 27 in Translocations
    25 | D        | Reached skill level 27 in Fire Magic
    25 | D        | Reached skill level 27 in Ice Magic
    25 | D        | Reached skill level 27 in Air Magic
    25 | D        | Reached skill level 27 in Earth Magic
    25 | D        | Reached skill level 27 in Alchemy
    25 | D        | Reached skill level 5 in Unarmed Combat
    25 | D        | Reached skill level 5 in Invocations
    25 | D        | Killed a meat berserker
    26 | D        | Reached skill level 10 in Unarmed Combat
    26 | D        | Reached skill level 10 in Invocations
    26 | D        | Killed a meat berserker
    26 | D        | Noticed a meat berserker
    27 | D        | Reached skill level 10 in Maces & Flails
    27 | D        | Reached skill level 10 in Polearms
    27 | D        | Reached XP level 22. HP: 194/194 MP: 0/0
    27 | D        | Noticed a destroyer
    28 | D        | Reached skill level 15 in Unarmed Combat
    28 | D        | Reached skill level 15 in Invocations
    28 | D        | Killed a large bag of meat
    29 | D        | Reached skill level 15 in Stealth
    29 | D        | Noticed a meat berserker
    29 | D        | Killed a meat berserker
    29 | D        | Noticed an eight-headed meat hydra
    30 | D        | Reached XP level 23. HP: 201/201 MP: 0/0
    30 | D        | Learned a level 8 spell: Discord
    30 | D        | Killed a large bag of meat
    31 | D        | Noticed a destroyer
    32 | D        | Noticed a large bag of meat
    33 | D        | Reached XP level 24. HP: 204/208 MP: 0/0
    34 | D        | Noticed a destroyer
    34 | D        | Killed a destroyer
    34 | D        | Noticed a destroyer
    35 | D        | Killed a large bag of meat
    35 | D        | Killed a large bag of meat
    36 | D        | Reached skill level 27 in Unarmed Combat
    36 | D        | Reached skill level 27 in Invocations
    36 | D        | Reached XP level 25. HP: 97/214 MP: 0/0
    36 | D        | Learned a level 8 spell: Borgnjor's Revivification
    36 | D        | Killed a destroyer
    36 | D        | Killed a destroyer
    36 | D        | Killed a destroyer
    36 | D        | Noticed a destroyer
    37 | D        | Reached skill level 27 in Maces & Flails
    37 | D        | Reached skill level 27 in Polearms
    37 | D        | Reached skill level 27 in Stealth
    39 | D        | Reached XP level 26. HP: 218/221 MP: 0/0
    39 | D        | Noticed a destroyer
    40 | D        | Reached skill level 27 in Staves
    40 | D        | Reached skill level 1 in Shields
    40 | D        | Reached skill level 1 in Evocations
    40 | D        | Killed a large bag of meat
    40 | D        | Killed a destroyer
    41 | D        | Reached skill level 10 in Shields
    41 | D        | Reached skill level 10 in Evocations
    41 | D        | Noticed a destroyer
    41 | D        | Noticed a destroyer
    41 | D        | Noticed a destroyer
    42 | D        | Noticed a destroyer
    43 | D        | Reached skill level 10 in Short Blades
    43 | D        | Reached skill level 10 in Long Blades
    44 | D        | Reached skill level 10 in Ranged Weapons
    44 | D        | Reached skill level 10 in Shapeshifting
    45 | D        | Killed a destroyer
    46 | D        | Reached skill level 15 in Shields
    46 | D        | Reached skill level 15 in Evocations
    46 | D        | Reached XP level 27. HP: 103/228 MP: 0/0
    46 | D        | Learned a level 9 spell: Death's Door
    46 | D        | Noticed a tyrant
    46 | D        | Noticed an accursed
    46 | D        | Killed a tyrant
    47 | D        | Reached skill level 15 in Short Blades
    47 | D        | Reached skill level 15 in Long Blades
    49 | D        | Killed a destroyer
    50 | D        | Noticed The Servant
    50 | D        | Killed an accursed
    51 | D        | Noticed a destroyer
    52 | D        | Noticed a tyrant
    52 | D        | Noticed a destroyer
    52 | D        | Killed The Servant
    52 | D        | Noticed a tyrant
    53 | D        | Killed a tyrant
    53 | D        | Killed a destroyer
    54 | D        | Killed a destroyer
    55 | D        | Reached skill level 27 in Shields
    55 | D        | Reached skill level 27 in Evocations
    56 | D        | Noticed a tyrant
    56 | D        | Slain by a destroyer

Illustrated notes

Levels and vault maps discovered:
D:        meatsprint

Skill      XL: |  1  2  3  4  5  6  7  8  9 10 11 12 13 14 15 16 17 18 19 20 21 22 23 24 25 26 27 |
---------------+----------------------------------------------------------------------------------+-----
Fighting       | 13 14 15 18 19 20 24 25 27 | 27.0
Axes           | 11 12 13 15 16 17 21 24 27 | 27.0
Throwing       | 10 11 13 15 16 17 21 24 27 | 27.0
Armour         | 12 14 15 18 19 20 24 25 27 | 27.0
Dodging        | 14 15 17 19 20 22 26 27 | 27.0
Spellcasting   | 9 11 13 14 16 19 20 23 26 27 | 27.0
Conjurations   | 9 11 13 14 16 19 20 23 26 27 | 27.0
Hexes          | 9 11 13 14 16 19 20 23 26 27 | 27.0
Summonings     | 9 11 13 14 16 19 20 23 26 27 | 27.0
Necromancy     | 9 11 13 14 16 19 20 23 26 27 | 27.0
Translocations | 9 11 13 14 16 19 20 23 26 27 | 27.0
Fire Magic     | 9 11 13 14 16 19 20 23 26 27 | 27.0
Ice Magic      | 9 11 13 14 16 19 20 23 26 27 | 27.0
Air Magic      | 9 11 13 14 16 19 20 23 26 27 | 27.0
Earth Magic    | 9 11 13 14 16 19 20 23 26 27 | 27.0
Alchemy        | 9 11 13 14 16 19 20 23 26 27 | 27.0
Maces & Flails | 10 16 20 23 27 | 27.0
Polearms       | 10 16 20 23 27 | 27.0
Stealth        | 11 17 21 25 27 | 27.0
Unarmed Combat | 12 19 23 27 | 27.0
Invocations    | 12 19 23 27 | 27.0
Staves         | 24 27 | 27.0
Shields        | 15 27 | 27.0
Evocations     | 15 27 | 27.0
Short Blades   | 14 25 | 25.9
Long Blades    | 14 25 | 25.9
Ranged Weapons | 13 24 | 24.0
Shapeshifting  | 13 24 | 24.0

Action                     |  1- 3 |  4- 6 |  7- 9 | 10-12 | 13-15 | 16-18 | 19-21 | 22-24 | 25-27 || total
---------------------------+-------+-------+-------+-------+-------+-------+-------+-------+-------++-------
  Melee: Executioner's axe |     1 |       |       |     1 |     3 |     6 |     8 |     9 |    20 ||    48
   Cast: Vhi's Electric Ch |       |       |       |       |       |       |     4 |       |     6 ||    10
         Manifold Assault  |       |       |       |       |       |       |       |       |     1 ||     1
 Armour: Leather armour    |       |       |       |       |     1 |       |     3 |    10 |    11 ||    25
  Dodge: Dodged            |       |       |       |     1 |       |       |       |       |       ||     1
